 Dungeon Crawl Stone Soup version 0.31-a0-963-ga325b2283a (webtiles) character file.

Game seed: 12035286104608016282

30 Shayle the Vexing (level 3, -1/36 HPs)
             Began as an Ogre Hexslinger on Oct 25, 2023.
             Slain by Duvessa
             ... wielding a +0 short sword
              (6 damage)
             ... on level 4 of the Dungeon.
             The game lasted 00:01:18 (768 turns).

Shayle the Vexing (Ogre Hexslinger)                  Turns: 768, Time: 00:01:19

Health: -1/36      AC:  3    Str: 12    XL:     3   Next: 20%
Magic:  2/4        EV: 10    Int: 22    God:
Gold:   63         SH:  0    Dex: 11    Spells: 2/4 levels left

rFire   . . .        a - +1 sling
rCold   . . .        (no shield)
rNeg    . . .        c - +0 robe
rPois   .            (helmet restricted)
rElec   .            (no cloak)
rCorr   .            (gloves unavailable)
SInv    .            (boots unavailable)
Will    .....        (no amulet)
Stlth   +            g - +6 ring of intelligence
HPRegen 0.26/turn    (no ring)
MPRegen 0.09/turn

%: no passive effects
@: weak-willed, attractive, jinxed, hasted, very quick
A: large, unfitting armour, tough skin 1
a: no special abilities


You were on level 4 of the Dungeon.
You visited 1 branch of the dungeon, and saw 3 of its levels.

You collected 63 gold pieces.

Inventory:

Hand Weapons
 a - a +1 sling (weapon)
Armour
 c - a +0 robe (worn)
Jewellery
 g - a +6 ring of intelligence (left hand)
 h - a ring of wizardry
 l - a ring of ice
Scrolls
 b - 2 scrolls of poison
 d - 2 scrolls of identify {unknown}
 f - a scroll of fog {unknown}
 j - a scroll of brand weapon {unknown}
 k - 2 scrolls of butterflies {unknown}


   Skills:
 + Level 2.6 Fighting
 - Level 1.3 Ranged Weapons
 + Level 2.3 Dodging
 + Level 1.2 Unarmed Combat
 - Level 1.2 Spellcasting
 - Level 2.6 Hexes
 - Level 0.8 Fire Magic


You had 2 spell levels left.
You knew the following spells:

 Your Spells              Type           Power      Damage    Failure   Level
a - Jinxbite              Hex            26%        N/A       8%          2

Your spell library contained the following spells:

 Spells                   Type           Power      Damage    Failure   Level
 Sigil of Binding         Hex            13%        N/A       16%         3
 Inner Flame              Hex/Fire       9%         N/A       22%         3
 Cause Fear               Hex            6%         N/A       45%         4
 Dimensional Bullseye     Hex/Tloc       3%         N/A       65%         4


Dungeon Overview and Level Annotations

Branches:
Dungeon (2/15)

Altars:

Shops:
D:1 =

Annotations:
D:4 Duvessa


Innate Abilities, Weirdness & Mutations

You are too large for most types of armour.
You have tough skin. (AC +1)


Message History

Unknown command.
The ball python attacks as it pursues you!
The ball python bites you. x2
The ball python attacks as it pursues you!
The ball python misses you.
The ball python attacks as it pursues you!
The ball python bites you.
You shoot a sling bullet. The sling bullet hits the ball python!
You kill the ball python!
Casting: Jinxbite (safe; 8% risk of failure)
Confirm with . or Enter, or press ? or * to list all spells.
You beckon some vexing sprites to accompany your attacks.
You feel your willpower being sapped. Duvessa hits you with a +0 short sword!
It was a potion of haste.
You feel yourself speed up. Duvessa hits you with a +0 short sword.
It was a potion of attraction.
You feel attractive to monsters.
You shoot a sling bullet. The sling bullet hits Duvessa.
Duvessa is lightly wounded.
Duvessa completely misses you.
You shoot a sling bullet.
The sling bullet closely misses Duvessa.
You hear a shout!
Duvessa barely misses you.
You shoot a sling bullet.
The sling bullet hits Duvessa but does no damage.
Duvessa is lightly wounded.
Duvessa barely misses you.
You shoot a sling bullet. The sling bullet hits Duvessa.
Duvessa is lightly wounded.
Duvessa hits you with a +0 short sword!
You shoot a sling bullet. The sling bullet hits Duvessa.
Duvessa is moderately wounded.
Duvessa hits you with a +0 short sword!
* * * LOW HITPOINT WARNING * * *
Okay, then.
You shoot a sling bullet. The sling bullet hits Duvessa.
Duvessa is moderately wounded.
Duvessa hits you with a +0 short sword.
You die...

# .# .## #. ... #.#
#####.## #..#
#......# #...
#######.#.# ###
##B.# #.........#
...
....###@#######.##.#
#.e.#e# #....# #.#.#
#...#.... #...#
###.# ## ##..+ +!#.#
##.# ###.. #.#
#....# ..# #...##
..# #....


You could see Duvessa.

Vanquished Creatures
  An adder (D:2)
  2 ball pythons
  2 endoplasms (D:1)
  3 giant cockroaches (D:1)
  A goblin (D:1)
  4 hobgoblins (D:1)
  A kobold (D:1)
  3 bats (D:1)
  A frilled lizard (D:1)
  A rat (D:1)
19 creatures vanquished.

Notes
Turn   | Place    | Note
-------+----------+-------------------------------------------
     0 | D:1      | Shayle the Ogre Hexslinger began the quest for the Orb.
     0 | D:1      | Reached XP level 1. HP: 19/19 MP: 2/2
    71 | D:1      | Reached XP level 2. HP: 28/28 MP: 3/3
    74 | D:1      | Learned a level 2 spell: Jinxbite
   175 | D:1      | Found Nonegead's Jewellery Emporium.
   384 | D:1      | Reached skill level 1 in Unarmed Combat
   662 | D:2      | Reached XP level 3. HP: 27/36 MP: 4/4
   732 | D:2      | You fall into a shaft and drop 2 floors!
   752 | D:4      | Noticed Duvessa
   768 | D:4      | Slain by Duvessa

Illustrated notes

Levels and vault maps discovered:
D:1:      sevenhm_arrival_forest_fort_small_5, layout_rooms, serial_shops, shop
D:2:      layout_basic, basic_altar, grunt_decor_fettered, minivault_11
D:4:      minmay_thinvault, layout_rooms, mainiacjoe_overflow_alcove_4,
          st_stairs_2, grunt_tough_drop, uniq_duvessa

Skill      XL: |  1  2 |
---------------+-------+-----
Dodging        | 2 |  2.3
Fighting       | 2 |  2.6
Unarmed Combat | 1 |  1.2
Ranged Weapons | |  1.3
Spellcasting   | |  1.2
Hexes          | |  2.6
Fire Magic     | |  0.8

Action                     || total
---------------------------++-------
   Fire: Sling             ||    62
   Cast: Jinxbite          ||     1
    Use: Potion            ||     2
 Armour: Robe              ||    25
  Dodge: Dodged            ||    32

Table legend: (Time is in decaauts)
 A = Elapsed time spent in this place.
 B = Non-inter-level travel time spent in this place.
 C = Inter-level travel time spent in this place.
 D = Time resting spent in this place.
 E = Time spent auto-exploring this place.
 F = Levels seen in this place.
 G = Mean time per level.
                   A        B        C        D        E       F      G
               +--------+--------+--------+--------+--------+-----+--------+
         Total |    785 |    744 |     41 |      0 |    592 |   3 |  261.7 |
       Dungeon |    785 |    744 |     41 |      0 |    592 |   3 |  261.7 |
               +--------+--------+--------+--------+--------+-----+--------+

Top non-repeatable levels by time:
     D:1: 672 daAuts
     D:2: 77 daAuts
     D:4: 36 daAuts
